 Seeded DCSS version 0.28-a0-1555-g9ae15a6949 (webtiles) character file.

Game seed: 4223678287186623209 (custom seed)

2184 flotson the Skirmisher (level 9, -5/68 HPs)
             Began as a Demonspawn Gladiator on Jan 19, 2022.
             Succumbed to a killer bee's poison
             ... on level 7 of the Dungeon.
             The game lasted 00:14:25 (6657 turns).

flotson the Skirmisher (Demonspawn Gladiator)       Turns: 6657, Time: 00:14:26

Health: -5/68      AC:  9    Str: 19    XL:     9   Next: 11%
Magic:  9/9        EV: 17    Int:  9    God:
Gold:   299        SH:  0    Dex: 15    Spells: 8/8 levels left

rFire   . . .      SeeInvis .   a - +2 flail (vorpal)
rCold   . . .      Faith    .   (no shield)
rNeg    . . .      Spirit   .   h - +0 ring mail
rPois   .          Reflect  .   c - +0 helmet
rElec   .          Harm     .   x - +1 cloak
rCorr   .          Rampage  .   (no gloves)
Will    .....                   (no boots)
Stlth   +.........              (no amulet)
HPRegen 0.21/turn               s - +4 ring of evasion
MPRegen 0.11/turn               (no ring)

@: lethally poisoned (-5 -> -33)
A: hooves 1, ignite blood 3, powered by death 1
a: no special abilities


You were on level 7 of the Dungeon.
You visited 2 branches of the dungeon, and saw 8 of its levels.

You collected 299 gold pieces.

Inventory:

Hand Weapons
 a - a +2 vorpal flail (weapon)
 b - a +1 arbalest
 C - a +0 war axe
Missiles
 d - 3 throwing nets (quivered)
 e - 5 javelins
 t - 28 bolts
 F - 6 poisoned darts
 G - 4 silver javelins
 H - 5 atropa-tipped darts
 I - 6 boomerangs
Armour
 c - a +0 helmet (worn)
 h - a +0 ring mail (worn)
 x - a +1 cloak (worn)
Jewellery
 i - a ring of ice
 s - a +4 ring of evasion (left hand)
Wands
 l - a wand of acid (5)
 r - a wand of iceblast (12)
Scrolls
 f - a scroll of fear {unknown}
 g - 6 scrolls of identify {unknown}
 k - a scroll of enchant armour
 o - 3 scrolls of teleportation
 p - a scroll of fog
 q - a scroll of blinking {unknown}
 v - a scroll of immolation {unknown}
 y - a scroll of amnesia
 B - a scroll of silence {unknown}
 D - a scroll of enchant weapon
 J - a scroll of magic mapping {unknown}
Potions
 j - 2 potions of brilliance {unknown}
 m - a potion of degeneration {unknown}
 u - a potion of lignification {unknown}
 z - a potion of flight {unknown}
 A - a potion of attraction {unknown}
 E - a potion of invisibility {unknown}


   Skills:
 + Level 5.4 Fighting
 - Level 4.2 Axes
 + Level 2.8 Crossbows
 + Level 4.9 Throwing
 + Level 4.2 Armour
 + Level 5.2 Dodging
 + Level 4.3 Evocations


You had 8 spell levels left.
You didn't know any spells.
Your spell library contained the following spells:

 Spells                   Type           Power      Damage    Failure   Level
 Magic Dart               Conj           0%         1d3       56%         1
 Sandblast                Erth           0%         2d4       56%         1
 Corpse Rot               Necr/Air       0%         N/A       71%         2
 Passwall                 Tmut/Erth      0%         N/A       71%         2
 Searing Ray              Conj           0%         2d4       71%         2
 Stone Arrow              Conj/Erth      0%         3d7       90%         3
 Dispel Undead            Necr           0%         3d6       100%        4
 Fulminant Prism          Conj/Hex       0%         3d6       100%        4
 Death Channel            Necr           0%         N/A       100%        6


Dungeon Overview and Level Annotations

Branches:
Dungeon (7/15)             Temple (1/1) D:5

Altars:
Ashenzari
Dithmenos
Elyvilon
Fedhas
Hepliaklqana
Kikubaaqudgha
Makhleb
Nemelex Xobeh
Okawaru
Qazlal
Ru
Sif Muna
Trog
Uskayaw
Vehumet
Xom
Yredelemnul
Zin
The Shining One

Portals:
Bailey: D:7


Innate Abilities, Weirdness & Mutations

You have large cloven feet.
Your demonic aura causes all spilled blood to erupt in flames.
You regenerate a little health from kills.


Message History

You feel sick. The killer bee closely misses you. The killer bee misses you. x3
The killer bee barely misses you. The killer bee misses you.
The killer bee closely misses you. x6; The killer bee misses you.
Unknown command.
You closely miss the killer bee. Your kick misses the killer bee.
The killer bee is almost dead.
You feel sick.
The killer bee is engulfed in a cloud of scalding steam.
The killer bee stings you. The killer bee completely misses you.
The killer bee closely misses you.
The killer bee stings you but does no damage.
The killer bee stings you!
* * * LOW HITPOINT WARNING * * *
You are more poisoned.
The killer bee poisons you!
The killer bee is engulfed in a cloud of scalding steam.
The killer bee closely misses you.
The killer bee stings you but does no damage. x3
The killer bee completely misses you.
The killer bee is engulfed in a cloud of scalding steam.
The killer bee stings you but does no damage. x2
The killer bee stings you.
* * * LOW HITPOINT WARNING * * *
The killer bee closely misses you.
You hit the killer bee.
You kill the killer bee!
You feel very sick. The killer bee closely misses you.
The killer bee barely misses you. The killer bee stings you!
* * * LOW HITPOINT WARNING * * *
You are more poisoned.
The killer bee poisons you! The killer bee closely misses you. x2
The killer bee misses you. The killer bee closely misses you.
The killer bee stings you.
* * * LOW HITPOINT WARNING * * *
The killer bee closely misses you. The killer bee stings you.
* * * LOW HITPOINT WARNING * * *
You are more poisoned.
The killer bee poisons you! The killer bee misses you.
You die...

....#.... ........# ## ##
.....#..##.##.# ..
.............#. #..
........#.........
##..........#..g........
.#........# #.yyy§§..# ...#
.....###.≈°y.§..#
...###.....##§≈.@.§..#
..............≈.>.≈.## #####
#........!....≈≈≈≈≈....# #...###
#....................... .....
..##........<.......[...###...#
.##......###.............(.:..#
........y##......#.###........##
..#....yy..#.....##......##....#
#####.....†.....###....##.y....#


You could see 4 killer bees and a goblin.

Vanquished Creatures
  A water moccasin (D:7)
  Edmund (D:5)
  3 sky beasts
  A black bear (D:6)
  An ogre (D:4)
  3 centaurs
  2 phantoms (D:5)
  Blork the orc (D:5)
  A water moccasin skeleton (D:6)
  A wyvern skeleton (D:7)
  2 killer bees (D:7)
  A bullfrog zombie (D:5)
  2 jellies
  A gnoll shaman (D:7)
  3 hounds
  2 centaur skeletons (D:7)
  5 iguanas
  A scorpion zombie (D:5)
  2 orc wizards (D:6)
  A killer bee zombie (D:7)
  2 hound skeletons (D:4)
  13 gnolls
  A howler monkey skeleton (D:6)
  11 adders
  A white imp (D:6)
  An ufetubus (D:6)
  2 adder skeletons (D:4)
  A worm (D:2)
  2 dart slugs
  9 orcs
  5 ball pythons
  4 bats
  8 endoplasms
  2 giant cockroaches
  16 goblins
  5 hobgoblins
  5 jackals
  3 quokkas
  3 frilled lizards (D:1)
  7 kobolds
  2 rats
138 creatures vanquished.

Vanquished Creatures (others)
  2 demonic plants (D:2)
2 creatures vanquished.

Grand Total: 140 creatures vanquished

Notes
Turn   | Place    | Note
-------+----------+-------------------------------------------
     0 | D:1      | flotson the Demonspawn Gladiator began the quest for the
                  | Orb.
     0 | D:1      | Reached XP level 1. HP: 16/16 MP: 1/1
   253 | D:1      | Gained mutation: You regenerate a little health from kills.
                  | [demonic ancestry]
   253 | D:1      | Reached XP level 2. HP: 12/22 MP: 2/2
   856 | D:2      | Reached XP level 3. HP: 18/28 MP: 3/3
  1028 | D:2      | Reached skill level 1 in Armour
  1300 | D:2      | Gained mutation: You have large cloven feet. [demonic
                  | ancestry]
  1300 | D:2      | Reached XP level 4. HP: 34/34 MP: 4/4
  2176 | D:2      | Reached XP level 5. HP: 40/40 MP: 5/5
  2195 | D:2      | Found a faded altar of an unknown god.
  2195 | D:2      | Noticed a rust devil
  2793 | D:3      | Found an iron altar of Okawaru.
  3055 | D:4      | Noticed an ogre
  3431 | D:4      | Found a burning altar of Makhleb.
  3599 | D:4      | Gained mutation: Your demonic aura sometimes causes spilled
                  | blood to erupt in flames. [demonic ancestry]
  3599 | D:4      | Reached XP level 6. HP: 47/47 MP: 6/6
  3633 | D:4      | Reached skill level 1 in Evocations
  4192 | D:5      | Entered Level 5 of the Dungeon
  4266 | D:5      | Found a staircase to the Ecumenical Temple.
  4400 | Temple   | Entered the Ecumenical Temple
  4470 | D:5      | Reached XP level 7. HP: 40/53 MP: 7/7
  4792 | D:5      | Noticed Blork the orc
  4794 | D:5      | Killed Blork the orc
  4895 | D:5      | Noticed Edmund
  4911 | D:5      | Killed Edmund
  4912 | D:5      | Reached skill level 1 in Crossbows
  4912 | D:5      | Gained mutation: Your demonic aura often causes spilled
                  | blood to erupt in flames. [demonic ancestry]
  4912 | D:5      | Reached XP level 8. HP: 10/61 MP: 8/8
  5341 | D:5      | Found a broken altar of Ashenzari.
  6112 | D:6      | Reached skill level 5 in Fighting
  6283 | D:7      | Reached skill level 5 in Dodging
  6403 | D:7      | Found a shimmering altar of Xom.
  6429 | D:7      | Gained mutation: Your demonic aura causes all spilled blood
                  | to erupt in flames. [demonic ancestry]
  6429 | D:7      | Reached XP level 9. HP: 44/68 MP: 9/9
  6477 | D:7      | Found a flagged portal.
  6656 | D:7      | HP: 1/68 [killer bee (3)]
  6657 | D:7      | Succumbed to a killer bee's poison

Illustrated notes

Levels and vault maps discovered:
D:1:      minmay_arrival_stair_chambers, layout_basic
D:2:      layout_basic, dreamdust_ecumenical_altar_sealed_demon, minmay_ruptured
D:3:      layout_basic, okawaru_ov_weapons_minmay
D:4:      layout_gridville, mainiacjoe_overflow_boulevard
D:5:      layout_basic, mainiacjoe_overflow_surrounded_room,
          minmay_temple_entry_wispy, minmay_circle_x, uniq_edmund,
          uniq_blork_the_orc
D:6:      layout_rooms, minmay_misc_feat_rugged, st_stairs_9
D:7:      layout_cave_pools, mainiacjoe_overflow_alcove_2, enter_bailey_5
Temple:   eino_wide_crystal_templ

Skill      XL: |  1  2  3  4  5  6  7  8 |
---------------+-------------------------+-----
Throwing       | 2 3 4 |  4.9
Axes           | 3 4 |  4.2
Dodging        | 3 4 5 |  5.2
Armour         | 1 2 3 4 |  4.2
Fighting       | 3 4 5 |  5.4
Evocations     | 2 4 |  4.3
Crossbows      | 1 2 |  2.8

Action                   |  1- 3 |  4- 6 |  7- 9 || total
-------------------------+-------+-------+-------++-------
Melee: War axe           |    88 |    82 |     6 ||   176
       Kick              |       |    21 |    13 ||    34
       Punch             |       |     1 |     1 ||     2
       Flail             |       |       |    67 ||    67
 Fire: Arbalest          |       |    63 |   115 ||   178
Throw: Javelin           |     4 |     7 |       ||    11
       Throwing net      |       |       |     1 ||     1
  Use: Potion            |       |       |     7 ||     7
       Scroll            |       |       |     6 ||     6
Armor: Leather armour    |    20 |       |       ||    20
       Ring mail         |    28 |    40 |   100 ||   168
Dodge: Dodged            |    63 |    79 |   260 ||   402

Table legend: (Time is in decaauts)
 A = Elapsed time spent in this place.
 B = Non-inter-level travel time spent in this place.
 C = Inter-level travel time spent in this place.
 D = Time resting spent in this place.
 E = Time spent auto-exploring this place.
 F = Levels seen in this place.
 G = Mean time per level.
                   A        B        C        D        E       F      G
               +--------+--------+--------+--------+--------+-----+--------+
         Total |   6897 |   6482 |    415 |    250 |   4675 |   8 |  862.1 |
       Dungeon |   6838 |   6436 |    402 |    250 |   4642 |   7 |  976.9 |
        Temple |     58 |     45 |     13 |      0 |     33 |   1 |   58.0 |
               +--------+--------+--------+--------+--------+-----+--------+

Top non-repeatable levels by time:
     D:5: 1412 daAuts
     D:1: 1339 daAuts
     D:2: 1181 daAuts
     D:4: 1030 daAuts
     D:6: 755 daAuts
     D:3: 752 daAuts
     D:7: 367 daAuts
  Temple: 58 daAuts
